 Dungeon Crawl Stone Soup version 0.18-a0-775-g4d9e04e (webtiles) character file.

338 Proton the Skirmisher (level 6, -3/67 HPs)
             Began as an Ogre Fighter on Dec 13, 2015.
             Slain by a sky beast (5 damage)
             ... on level 4 of the Dungeon.
             The game lasted 00:07:29 (4392 turns).

Proton the Skirmisher (Ogre Fighter)                Turns: 4392, Time: 00:07:29

Health: -3/67      AC:  3    Str: 24    XL:     6   Next: 55%
Magic:  6/6        EV: 11    Int:  7    God:
Gold:   168        SH:  0    Dex:  9    Spells: 0 memorised, 5 levels left

rFire  . . .     SeeInvis .     a - +0 flail
rCold  . . .     Clarity  .     b - +0 robe
rNeg   . . .     SustAt   +     (no shield)
rPois  .         Gourm    .     (helmet restricted)
rElec  .         Spirit   .     (no cloak)
rCorr  .         Dismiss  .     (gloves unavailable)
rMut   .         Stasis   .     (boots unavailable)
MR     .....                    x - amulet of rage
Stlth  ..........               r - ring of sustain attributes
                                o - ring of loudness (curse)

@: not resistant to hostile enchantments, extremely unstealthy
A: unfitting armour, tough skin 1
a: Evoke Berserk Rage


You were on level 4 of the Dungeon.
You were not hungry.

You visited 1 branch of the dungeon, and saw 4 of its levels.

You collected 168 gold pieces.

Inventory:

Hand Weapons
 a - a +0 flail (weapon)
Armour
 b - a +0 robe (worn)
 c - a +0 shield
Jewellery
 o - a cursed ring of loudness (left hand)
 r - a ring of sustain attributes (right hand)
 x - an amulet of rage (around neck)
Scrolls
 e - 3 scrolls of noise {unknown}
 i - 3 scrolls of identify {unknown}
 j - 2 scrolls of enchant armour {unknown}
 k - a scroll of enchant weapon {unknown}
 l - 3 scrolls of remove curse {unknown}
 m - 3 scrolls of random uselessness {unknown}
 p - a scroll of immolation {unknown}
 s - a scroll of teleportation {unknown}
 w - a scroll of recharging {unknown}
Potions
 d - 2 potions of might
 g - a potion of lignification {unknown}
 h - a potion of agility {unknown}
 n - a potion of heal wounds {unknown}
 q - 2 potions of curing
 t - a potion of poison {unknown}
 v - a potion of flight {unknown}
Comestibles
 f - 3 bread rations


   Skills:
 + Level 6.2 Fighting
 + Level 5.7 Maces & Flails
 + Level 4.2 Dodging
 - Level 2.6 Shields


You had 5 spell levels left.
You didn't know any spells.

Dungeon Overview and Level Annotations

Branches:
Dungeon (4/15)
 Temple: D:4-7

Altars:


Innate Abilities, Weirdness & Mutations

You are too large for most types of armour.
You have tough skin (AC +1).


Message History

The sky beast is almost dead.
The sky beast hits you.
* * * LOW HITPOINT WARNING * * *
The sky beast shocks you.
* * * LOW HITPOINT WARNING * * *
You barely miss the sky beast.
The sky beast is almost dead.
The sky beast hits you.
* * * LOW HITPOINT WARNING * * *
The sky beast shocks you.
* * * LOW HITPOINT WARNING * * *
You closely miss the sky beast.
The sky beast is almost dead.
The sky beast hits you but does no damage.
You closely miss the sky beast.
The sky beast is almost dead.
The sky beast hits you.
* * * LOW HITPOINT WARNING * * *
The sky beast shocks you.
You die...

...######..##
#..........### #
##....<....#.#
.. #.......#..##
...#......##..#
.........###..#
........## #..##
........####.#.#
..........Y@...#
...............#
....!.......#.##
......##......#
.........###.##
.......### #.#
......# #.#
..... #.#


You could see a sky beast.

Vanquished Creatures
  2 orc wizards (D:3)
  Ijyb (D:2)
  Natasha (thrice) (D:2)
  9 adders
  3 gnolls
  An ooze (D:1)
  4 worms
  3 giant geckos (D:3)
  6 orcs (D:3)
  4 goblins
  10 hobgoblins
  11 kobolds
  2 quokkas (D:3)
  6 ball pythons
  12 bats
  3 giant cockroaches
  2 giant newts (D:3)
  4 jackals (D:2)
  11 rats
97 creatures vanquished.

Notes
Turn   | Place    | Note
--------------------------------------------------------------
     0 | D:1      | Proton the Ogre Fighter began the quest for the Orb.
     0 | D:1      | Reached XP level 1. HP: 24/24 MP: 1/1
   472 | D:1      | Reached XP level 2. HP: 32/32 MP: 2/2
   908 | D:1      | Reached XP level 3. HP: 38/40 MP: 3/3
   932 | D:2      | Noticed Natasha
   937 | D:2      | Killed Natasha
   994 | D:2      | Reached XP level 4. HP: 32/49 MP: 4/4
  1121 | D:2      | Reached skill level 5 in Fighting
  1394 | D:2      | Noticed Natasha
  1397 | D:2      | Killed Natasha
  1470 | D:2      | Noticed Natasha
  1471 | D:2      | Killed Natasha
  1724 | D:2      | Reached XP level 5. HP: 33/57 MP: 5/5
  2461 | D:2      | Noticed Ijyb
  2478 | D:2      | Killed Ijyb
  2478 | D:2      | Reached skill level 5 in Maces & Flails
  2992 | D:2      | Reached XP level 6. HP: 57/67 MP: 6/6
  3419 | D:3      | Reached skill level 6 in Fighting
  4392 | D:4      | HP: 2/67 [sky beast (4)]
  4392 | D:4      | Slain by a sky beast

Vault maps used:
D:1:      lightli_arrival_statuegarden, moated_statue, minmay_misc_feat_square
D:2:      first_bread, minmay_snake_closets, uniq_natasha, uniq_iyjb
D:3:      minmay_misc_feat_chi, minmay_cupped
D:4:      kennysheep_ying_yang, temple_statues, nemelex_dance_club_becter

Action                   |  1- 3 |  4- 6 || total
-------------------------+-------+-------++-------
Melee: Flail             |    73 |   272 ||   345
  Use: Potion            |       |     2 ||     2
 Stab: Sleeping          |     1 |       ||     1
  Eat: Pizza             |       |     2 ||     2
       Meat ration       |       |     2 ||     2
       Beef jerky        |       |     1 ||     1
